AoeStats
← DOX BRAZIL

Black Forest

510847147Analyzed
2v2 RM · 1d ago on Oct 2, 2026· 39m 14s· 4 players
Game mode
Random Map
Map size
Medium (4 player)
Population
200
Speed
Normal
Resources
Standard
Victory
Conquest
Starting age
Dark Age
Ending age
Imperial Age
RankedLock teamsTeams togetherTeam positionsShared explorationLock speedFull tech treeHidden civsTurbo modeCheats
Victory
Defeat
🇲🇽 Aztecs · Mexico
792
+14
🇨🇴 Teutons · Colombia
772
+15
🇬🇧 Franks · United Kingdom
769
-15
🇮🇳 Vietnamese · India
738
-14
devil
1:02 Loom
12:53 Feudal Age
21:00 Castle Age
21:02 Crossbowman
22:34 Wheelbarrow
21:44 Town Watch
22:10 Man-at-Arms
23:11 Arson
26:32 Bloodlines
25:42 Light Cavalry
33:42 Elite Skirmisher
DOX BRAZIL
0:27 Loom
11:56 Feudal Age
13:13 Double-Bit Axe
20:04 Castle Age
19:17 Gold Mining
21:06 Husbandry
22:04 Stone Mining
23:41 Bow Saw
29:47 Forging
29:43 Scale Barding Armor
34:42 Imperial Age
32:00 Pikeman
32:48 Town Watch
33:55 Iron Casting
39:27 Blast Furnace
juanette
0:55 Loom
13:25 Feudal Age
14:50 Man-at-Arms
26:32 Double-Bit Axe
29:32 Gold Mining
34:18 Castle Age
32:55 Horse Collar
38:53 Stone Mining
jack_camman
0:55 Loom
2:12 Loom
10:43 Feudal Age
11:29 Double-Bit Axe
12:22 Wheelbarrow
11:30 Horse Collar
17:34 Gold Mining
20:54 Castle Age
19:51 Scale Barding Armor
19:41 Stone Mining
20:44 Scale Mail Armor
22:44 Bloodlines
27:16 Hand Cart
27:27 Fervor
30:41 Hand Cart
Connection lost

Rejoining the realm…

Still unreachable

The connection could not be restored.

Session expired

The server has moved on; the page needs a fresh start.